Map: Berlingrad LE

Players

CBagRun

  • Race: Zerg Zerg

HORSES - Winner!

  • Race: Zerg Zerg

VOD

Have the link to the VOD?

Description

Time

  • Played on: Dec. 12, 2021, 8:37 a.m.
  • Length: 9:07
Show
View Real Time Build Order
Export as new Build Order

CBagRun Zerg 

Build Orders: Pool First 

Get SALT Encoding   

  12  0:01  Drone  
  13  0:08  Drone  
  14  0:24  Overlord  
  14  0:37  Spawning Pool  
  13  0:57  Drone x2  
  13  0:58  Drone  
  16  1:32  Extractor  
  15  1:37  Extractor  
  14  1:43  Drone x2  
  14  1:44  Drone  
  17  1:59  Drone  
  18  2:24  Lair  
  18  2:30  Overlord  
  18  2:44  Drone  
  18  2:45  Drone  
  20  3:05  Hatchery  
  19  3:25  Drone x2  
  19  3:26  Drone  
  22  3:38  Spire  
  21  3:41  Queen  
  23  4:02  Overlord  
  23  4:14  Drone x2  
  25  4:22  Queen  
  27  4:28  Drone  
  26  4:52  Mutalisk x3  
  8  5:42  Mutalisk  
  8  5:43  Mutalisk x2  
  8  5:47  Queen  
  8  5:49  Mutalisk  
  16  5:54  Drone x2  
  20  6:05  Drone x2  
  18  7:25  Drone x3  
Show
View Real Time Build Order
Export as new Build Order

HORSES Zerg - Winner!

Build Orders: Pool First 

Get SALT Encoding   

  12  0:03  Drone  
  13  0:12  Overlord  
  13  0:16  Drone  
  14  0:31  Drone x2  
  16  0:41  Overlord  
  16  0:56  Spawning Pool  
  15  0:57  Drone  
  16  1:14  Hatchery  
  16  1:16  Drone  
  16  1:24  Drone  
  16  1:25  Drone  
  18  1:29  Extractor  
  17  1:39  Drone  
  18  1:46  Extractor  
  17  1:48  Drone  
  17  1:49  Queen  
  20  2:05  Drone x2  
  23  2:15  Zergling x2  
  23  2:25  Queen  
  25  2:39  Drone x2  
  25  2:40  Queen  
  29  2:45  Drone  
  29  2:46  Drone x2  
  32  3:03  Lair  
  32  3:10  Zergling x4  
  32  3:11  Zergling x4  
  36  3:18  Overlord  
  36  3:19  Overlord x2  
  36  3:40  Drone  
  37  3:47  Zergling x10  
  42  4:04  Drone x4  
  46  4:12  Metabolic Boost  
  46  4:16  Drone x3  
  49  4:26  Overlord x2  
  48  5:01  Zergling x6  
  47  5:29  Queen  
  47  5:32  Drone x2  
  47  5:33  Drone x3  
  47  5:34  Drone  
  47  5:35  Drone x3  
  58  5:59  Evolution Chamber  
  58  6:01  Drone, Roach Warren  
  57  6:11  Evolution Chamber  
  57  6:12  Queen  
  57  6:15  Drone x3  
  57  6:16  Drone x2  
  65  6:25  Zergling x4  
  65  6:26  Zergling x8  
  69  6:45  Zergling x2  
  70  6:47  Queen  
  69  6:58  Zerg Melee Weapons Level 1  
  69  6:59  Glial Reconstitution, Zerg Ground Armor Level 1  
  53  7:19  Roach x3  
  53  7:20  Roach  
  56  7:28  Zergling x6  
  56  7:29  Zergling x4  
  46  8:18  Drone x3  
Tags
 
Matchup
ZvZ
Race
Zerg
Replay Pack
re
Add a new tag
Caveats
  • Supply blocks, unpowered buildings, or Contaminate may cause inaccurate times.
  • Supply counts are checked every 10 seconds.